Map: Blackpink LE

Players

BackupJ (Kas) - Winner!

  • Race: Terran Terran
  • Spawn Location: 7:00

HeltEn

  • Race: Terran Terran
  • Spawn Location: 1:00

Event: WCS Leipzig 2018

VOD

Have the link to the VOD?

Description

Time

  • Played on: Jan. 26, 2018, 11:11 a.m.
  • Length: 35:21

All games in this series

Show
View Real Time Build Order
Export as new Build Order

BackupJ Terran - Winner!

Build Orders: Cyclone Opening, MMM Bio 

Get SALT Encoding   

  12  0:00  SCV  
  13  0:13  SCV  
  14  0:17  Supply Depot  
  14  0:25  SCV  
  15  0:29  Refinery  
  15  0:39  SCV  
  16  0:45  Barracks  
  16  0:51  SCV  
  17  1:03  SCV  
  18  1:15  SCV  
  19  1:31  Orbital Command  
  19  1:32  Reaper  
  20  1:49  Bunker, Factory  
  20  1:57  SCV, Supply Depot  
  21  2:03  Marine  
  21  2:05  Refinery  
  22  2:09  SCV  
  23  2:21  SCV, Marine  
  25  2:33  SCV, Starport  
  26  2:39  Marine  
  27  2:45  SCV  
  27  2:50  Cyclone  
  31  2:55  Supply Depot  
  31  2:58  SCV  
  31  2:59  Barracks Reactor  
  31  3:05  Liberator  
  31  3:11  Command Center  
  31  3:25  SCV  
  35  3:34  Supply Depot  
  35  3:36  Marine x2  
  35  3:37  SCV  
  38  3:47  Supply Depot  
  38  3:49  Cyclone  
  38  3:50  SCV  
  39  3:55  Marine x2  
  41  4:03  SCV  
  41  4:06  Starport Tech Lab  
  42  4:15  SCV  
  42  4:16  Marine  
  42  4:17  Marine  
  44  4:22  Factory Tech Lab  
  45  4:24  Orbital Command  
  45  4:27  SCV  
  45  4:31  Siege Tank  
  49  4:34  Barracks  
  49  4:40  Barracks  
  49  4:41  Barracks Tech Lab  
  49  4:44  SCV  
  47  4:55  Orbital Command, Starport Tech Lab  
  47  4:56  SCV  
  48  5:01  Marine  
  48  5:02  Stimpack  
  48  5:03  Siege Tank  
  42  5:19  SCV, Marine  
  42  5:29  Orbital Command  
  42  5:31  SCV  
  42  5:32  Starport Reactor  
  42  5:33  Marine  
  42  5:35  Marauder  
  45  5:37  Marine  
  45  5:40  Siege Tank  
  48  5:51  Marine x2  
  48  5:55  Marine  
  48  5:56  SCV x2  
  53  5:58  Refinery, Combat Shields, Marine  
  54  6:08  SCV  
  54  6:09  Marine x2  
  54  6:10  SCV, Refinery  
  58  6:13  Marine  
  58  6:15  Marine  
  60  6:19  Siege Tank  
  60  6:20  SCV  
  60  6:24  SCV  
  65  6:27  Supply Depot, Marine x2  
  67  6:33  SCV, Engineering Bay  
  67  6:34  Engineering Bay  
  67  6:36  SCV, Marine  
  70  6:43  Supply Depot  
  70  6:48  SCV, Marine x3  
  70  6:50  SCV  
  70  6:53  Supply Depot  
  70  6:54  Siege Tank  
  78  7:04  SCV x2, Medivac x2  
  78  7:07  Marauder  
  86  7:11  Terran Infantry Weapons Level 1  
  86  7:14  Marine x2  
  86  7:15  Marauder  
  90  7:16  Concussive Shells  
  90  7:21  Supply Depot  
  90  7:22  Supply Depot  
  90  7:23  Terran Infantry Armor Level 1  
  90  7:24  SCV  
  90  7:25  SCV  
  90  7:29  Marauder  
  94  7:43  Marine  
  95  7:48  Command Center, Marauder, Marine  
  95  7:51  Marauder  
  100  7:52  SCV  
  86  8:00  Marine  
  67  8:15  Marine, Marauder  
  67  8:18  Medivac, Marauder, Siege Tank  
  67  8:19  Medivac  
  77  8:25  Barracks x2  
  77  8:31  SCV  
  77  8:32  SCV  
  79  8:36  Marauder  
  79  8:38  Marine  
  79  8:39  Marine  
  79  8:40  Marauder  
  85  8:44  SCV  
  85  8:56  Marine x2  
  85  8:58  SCV, Marauder  
  85  9:01  Marauder  
  92  9:14  Marine  
  85  9:19  Marauder  
  85  9:22  Marauder  
  72  9:37  Medivac x2, Command Center, Barracks Tech Lab, Barracks Reactor  
  72  9:38  Siege Tank, Marine x2  
  79  9:40  Marauder  
  79  9:43  Barracks  
  79  9:44  Marauder, Barracks  
  79  9:45  Armory  
  85  9:50  SCV  
  88  10:00  Marauder  
  88  10:02  Marauder, Marine x2  
  88  10:04  Command Center  
  88  10:05  Marauder  
  94  10:19  Marine x2  
  95  10:21  Marauder  
  95  10:23  Marauder  
  95  10:26  Marauder  
  94  10:32  SCV  
  95  10:37  SCV  
  98  10:43  Marauder, Marine  
  98  10:44  Marine  
  98  10:45  Marauder  
  98  10:47  Barracks Tech Lab, Barracks Reactor  
  102  10:56  Orbital Command  
  102  11:01  Sensor Tower  
  102  11:04  Medivac  
  102  11:05  Medivac  
  102  11:06  Marauder  
  107  11:20  Planetary Fortress  
  107  11:22  SCV x2  
  107  11:24  SCV  
  110  11:29  Marauder  
  110  11:30  Marauder x2, Marine  
  117  11:40  SCV x2  
  117  11:42  SCV  
  120  11:47  Marauder, Marine  
  120  11:48  Marine x2  
  120  11:50  Siege Tank  
  120  11:51  Marauder x2  
  120  11:52  SCV x2  
  120  11:53  Terran Infantry Weapons Level 2  
  134  11:55  Terran Infantry Armor Level 2  
  134  11:57  SCV  
  135  12:05  Marine x2, Marauder  
  139  12:10  Supply Depot x2  
  139  12:16  SCV  
  140  12:27  Marine  
  140  12:30  Supply Depot  
  140  12:31  Supply Depot  
  140  12:32  SCV, Supply Depot, Marauder x4, Marine  
  150  12:43  Marine x2  
  152  12:53  Marauder x4  
  152  12:56  Marine  
  152  12:57  Marine  
  159  13:00  Marine  
  159  13:01  Marine  
  152  13:12  Marine x2  
  148  13:13  Medivac x2  
  148  13:14  Marine, Marauder x4  
  144  13:20  Siege Tank  
  144  13:24  SCV, Starport x2  
  148  13:31  Marine x3  
  148  13:32  Marine x2  
  153  13:36  Marauder x4, Marine  
  153  13:40  SCV  
  163  13:50  Medivac x2  
  163  13:52  SCV, Siege Tank  
  163  13:54  Marine x3  
  163  13:55  Marine x2  
  174  14:02  Refinery  
  176  14:04  SCV x2, Refinery  
  176  14:08  Starport Reactor x2  
  178  14:15  Command Center  
  147  14:17  Marine x2, Marauder  
  147  14:18  Marauder x2, Marine x2  
  157  14:24  Siege Tank  
  160  14:32  Marauder  
  160  14:37  Marine x2  
  160  14:38  Viking x2, Marine  
  164  14:39  Marauder x3  
  167  14:53  SCV  
  167  14:54  Marauder  
  167  14:55  Marine x2  
  167  15:00  Marauder x2  
  167  15:01  Medivac x2  
  171  15:08  Marine x3, Marauder  
  170  15:15  SCV x3, Marauder  
  170  15:16  SCV  
  170  15:18  Supply Depot x2, Barracks x2  
  149  15:38  Marauder  
  149  15:41  Marauder x3, Marine  
  149  15:42  Marine x2  
  130  15:50  Marine x3  
  130  15:51  Viking x2  
  130  15:52  Viking  
  136  16:00  Planetary Fortress, Marauder  
  136  16:01  SCV x2  
  136  16:03  SCV, Marauder x3  
  147  16:10  Viking x2  
  151  16:12  Marine x2  
  151  16:13  Marine x5  
  151  16:14  Marine  
  151  16:15  SCV  
  151  16:16  SCV  
  161  16:21  Marauder  
  161  16:24  Marine x2, Marauder  
  167  16:30  Marine  
  167  16:33  Viking x2  
  167  16:37  SCV  
  171  16:42  Marauder x3  
  171  16:45  Marauder  
  177  16:58  Marine x3  
  180  17:03  Marauder x2  
  180  17:04  Marauder  
  180  17:07  Marine x2, Marauder  
  186  17:12  Viking x2  
  186  17:15  Marine x3  
  185  17:22  Refinery  
  185  17:23  Refinery, Missile Turret  
  185  17:25  Marauder x3  
  185  17:26  Missile Turret  
  185  17:27  Refinery x2, Marine  
  185  17:28  Marine x4  
  185  17:29  Marauder  
  198  17:30  Command Center  
  198  17:39  Marine x2  
  199  17:54  Orbital Command  
  199  18:04  Terran Infantry Weapons Level 3  
  199  18:05  Terran Infantry Armor Level 3  
  199  18:06  Terran Vehicle And Ship Armor Level 1  
  199  18:19  Viking  
  184  18:21  Liberator x3, Marine x2, Marauder x2  
  184  18:26  Command Center  
  190  18:30  Command Center  
  199  18:50  Planetary Fortress  
  199  19:00  Refinery  
  197  19:06  Liberator x2  
  197  19:12  Liberator x2  
  197  19:13  Command Center  
  197  19:14  Command Center, Liberator  
  196  19:17  Liberator  
  196  19:18  Marauder x2  
  197  19:49  Liberator  
  200  20:14  Refinery  
  200  20:16  Terran Vehicle And Ship Armor Level 2  
  200  20:17  Liberator  
  200  20:20  Command Center  
  198  20:29  Liberator x4  
  183  20:55  Viking  
  181  20:57  Marauder x3, Marine x3  
  186  21:07  Marauder  
  188  21:12  Liberator x2  
  188  21:16  Starport  
  188  21:17  Viking, Starport  
  190  21:25  Viking  
  190  21:26  Starport  
  190  21:28  Barracks Tech Lab  
  190  21:29  Viking  
  200  21:36  Orbital Command  
  200  21:39  Viking  
  200  21:40  Refinery, Planetary Fortress  
  200  21:42  Refinery  
  200  21:45  Building Armor, Hi-Sec Auto Tracking  
  200  21:57  Orbital Command x2  
  200  22:04  Starport Tech Lab x2  
  200  22:05  Starport Tech Lab  
  200  22:07  Fusion Core  
  200  22:16  Viking  
  200  22:17  Viking x2  
  198  22:41  Viking  
  200  22:52  Terran Vehicle And Ship Armor Level 3  
  200  22:58  Armory  
  191  23:01  Viking x2  
  191  23:12  Viking x4  
  195  23:14  Viking x2  
  195  23:19  Advanced Ballistics  
  177  23:44  Viking x7  
  177  23:45  Viking  
  183  23:54  Orbital Command  
  177  24:01  Marauder x2  
  177  24:02  Missile Turret  
  181  24:03  Liberator x2  
  181  24:05  Marauder x2  
  181  24:08  Marauder  
  187  24:14  Viking x4  
  199  24:27  Medivac  
  188  24:36  Liberator x4  
  186  24:48  Liberator  
  194  25:02  Command Center  
  197  25:16  Liberator x2  
  197  25:17  Liberator, Missile Turret  
  197  25:23  Terran Ship Weapons Level 1  
  197  25:26  Liberator x2  
  197  25:27  Liberator  
  198  25:42  Liberator x2  
  174  26:02  Marauder  
  180  26:08  Command Center  
  166  26:14  Liberator x3  
  166  26:15  Liberator x2, Marauder x2  
  116  26:33  Marauder  
  115  26:42  Marauder x2  
  119  26:50  Marine  
  120  26:59  Orbital Command  
  120  27:03  SCV  
  121  27:14  Medivac  
  123  27:20  SCV x4  
  123  27:21  SCV x3  
  130  27:25  Planetary Fortress  
  130  27:32  SCV x2  
  131  27:43  Marauder x2  
  135  27:44  Marine, Marauder  
  135  27:47  Viking x2  
  135  27:48  Viking x2  
  146  27:54  SCV, Viking  
  146  27:55  SCV  
  146  27:56  SCV x3  
  154  28:03  Viking x2  
  154  28:05  Marine  
  158  28:06  Marine x2  
  158  28:12  Terran Ship Weapons Level 2  
  160  28:19  SCV  
  161  28:21  Viking x2  
  165  28:29  Viking x2  
  165  28:31  SCV  
  165  28:48  Viking x3  
  170  29:03  Marauder x3  
  170  29:04  Marine x2  
  138  29:31  Orbital Command  
  138  29:36  Marauder x2  
  93  29:51  Marine, Marauder  
  93  29:52  Marine x3, Marauder  
  94  29:53  Viking x4  
  102  30:01  Marine  
  102  30:02  SCV, Marauder  
  102  30:06  SCV x4  
  110  30:10  Marine, Marauder  
  115  30:14  SCV, Marauder  
  116  30:24  Marine x3, Marauder  
  121  30:34  Marauder  
  122  30:37  Marine, Marauder x2  
  122  30:41  SCV x4  
  129  30:48  Viking  
  127  30:57  Liberator x2  
  127  31:03  Medivac x2  
  131  31:04  Medivac  
  131  31:05  Marine x3, Marauder x3  
  142  31:14  Marauder  
  150  31:22  Marauder, Marine  
  153  31:27  Viking, Marauder  
  153  31:31  Marine, Marauder x2  
  161  31:36  Marauder  
  127  31:56  Marauder  
  119  32:02  Marauder  
  119  32:07  Viking x5  
  119  32:08  SCV, Viking  
  128  32:25  SCV x3  
  131  32:30  Viking x2  
  133  32:37  Viking  
  133  32:38  Orbital Command, Marauder x3  
  137  32:56  Viking x3  
  137  32:58  Marauder, Marine x2  
  147  33:02  Marine, Marauder  
  150  33:08  Viking  
  152  33:16  Marauder  
  153  33:22  Marauder  
  151  33:33  Marine x2, Marauder x2  
  146  33:38  Viking  
  146  33:39  Liberator  
  145  33:43  Marauder  
  135  33:51  Marauder  
  129  34:08  Marine  
  129  34:09  Marauder x2  
  134  34:13  Marine x2  
  136  34:17  SCV  
  137  34:30  SCV  
  138  34:31  Refinery  
  135  34:42  SCV  
  130  34:53  Refinery x2  
  130  34:54  SCV  
Show
View Real Time Build Order
Export as new Build Order

HeltEn Terran 

Build Orders: Cyclone Opening, Mech 

Get SALT Encoding   

  12  0:00  SCV  
  13  0:13  SCV  
  14  0:17  Supply Depot  
  14  0:25  SCV  
  15  0:32  Refinery  
  15  0:39  SCV  
  16  0:46  Barracks  
  16  0:51  SCV  
  17  0:58  Refinery  
  17  1:03  SCV  
  18  1:15  SCV  
  19  1:33  Orbital Command  
  19  1:35  Factory  
  19  1:36  Reaper  
  20  1:42  Supply Depot  
  20  1:58  SCV  
  21  2:08  Reaper  
  21  2:12  SCV  
  23  2:19  Cyclone  
  23  2:21  Supply Depot  
  26  2:24  SCV  
  27  2:38  SCV  
  27  2:41  Barracks Reactor  
  28  2:54  Cyclone  
  31  2:59  Command Center  
  31  3:00  SCV  
  32  3:06  Supply Depot  
  32  3:13  SCV  
  33  3:29  SCV  
  34  3:35  Cyclone x2  
  34  3:39  Supply Depot  
  39  3:42  SCV  
  40  3:54  SCV  
  41  4:06  SCV  
  41  4:07  Cyclone x2  
  48  4:16  Orbital Command  
  48  4:23  SCV  
  49  4:30  Command Center  
  48  4:47  SCV  
  48  4:48  SCV  
  48  4:49  Cyclone  
  53  4:53  Cyclone  
  56  5:00  Factory  
  56  5:03  Barracks Tech Lab  
  56  5:05  SCV  
  53  5:21  Cyclone  
  53  5:22  SCV x2  
  58  5:28  Cyclone  
  58  5:32  Refinery  
  58  5:34  SCV  
  58  5:35  SCV  
  63  5:46  Refinery  
  63  5:55  SCV x2  
  65  6:00  Orbital Command  
  65  6:04  Factory  
  65  6:07  Starport  
  65  6:11  SCV x2  
  67  6:14  Supply Depot  
  67  6:16  Supply Depot  
  67  6:20  Siege Tank  
  67  6:21  Barracks Reactor  
  70  6:27  SCV  
  70  6:28  SCV x2  
  73  6:34  Hellion  
  73  6:37  Hellion  
  77  6:41  SCV x2  
  79  6:48  Factory Tech Lab  
  79  6:52  Siege Tank  
  83  6:57  Hellion  
  84  7:02  Hellion  
  86  7:08  Siege Tank  
  86  7:09  Viking x2  
  86  7:11  SCV  
  86  7:12  SCV, Engineering Bay  
  86  7:13  Orbital Command  
  95  7:21  Hellion  
  95  7:27  Refinery  
  95  7:28  Siege Tank  
  95  7:29  Hellion, Refinery  
  100  7:38  SCV  
  101  7:48  SCV x2  
  101  7:50  Supply Depot  
  103  7:51  Supply Depot  
  103  7:52  Viking x2  
  103  7:56  Siege Tank  
  106  8:05  Hellion x2, Siege Tank  
  96  8:19  SCV x2, Factory  
  98  8:20  Factory  
  98  8:31  Siege Tank  
  98  8:32  Hellion x2  
  98  8:33  Viking  
  107  8:36  Liberator  
  105  8:53  Siege Tank  
  111  9:00  Hellion x2  
  115  9:04  Factory Tech Lab, Factory Reactor  
  115  9:07  Armory  
  107  9:20  Viking  
  74  9:33  SCV x3  
  80  9:38  Siege Tank x2  
  80  9:39  Hellion x2  
  80  9:40  Armory  
  80  9:43  Siege Tank  
  90  9:47  Hellion x2, SCV x2  
  90  9:48  SCV  
  97  9:54  Viking  
  97  9:59  SCV x2  
  101  10:00  Hellion  
  101  10:01  Terran Vehicle Weapons Level 1  
  101  10:03  SCV  
  101  10:04  Liberator  
  104  10:08  Hellion x2  
  104  10:11  Sensor Tower  
  104  10:12  SCV  
  104  10:13  SCV  
  110  10:15  Missile Turret  
  110  10:17  Siege Tank  
  113  10:23  SCV  
  113  10:24  SCV  
  113  10:25  SCV  
  122  10:28  Siege Tank  
  122  10:40  Siege Tank  
  125  10:44  Supply Depot  
  125  10:45  Hellion x4  
  125  10:46  Supply Depot  
  133  11:00  Supply Depot  
  133  11:01  Supply Depot x2, Terran Vehicle And Ship Armor Level 1  
  133  11:06  Siege Tank  
  136  11:12  Infernal Pre-Igniter  
  136  11:13  Hellion x2  
  136  11:18  Viking x2  
  144  11:27  Siege Tank x2  
  146  11:38  Siege Tank  
  146  11:39  Supply Depot  
  149  11:41  Supply Depot  
  149  11:49  Missile Turret x2  
  149  11:50  Hellion x2  
  149  11:51  Hellion  
  149  11:53  Viking  
  157  11:54  Viking  
  159  12:09  Hellion, Siege Tank x2  
  159  12:12  Siege Tank  
  164  12:29  Viking x2  
  168  12:31  Command Center  
  168  12:41  Thor x2  
  157  13:02  Siege Tank  
  157  13:03  Hellion x2  
  148  13:20  Armory  
  148  13:28  SCV x2  
  150  13:38  SCV  
  150  13:39  Missile Turret  
  150  13:40  SCV x2, Missile Turret  
  153  13:48  Viking x2  
  153  13:53  SCV x3  
  160  14:01  Planetary Fortress  
  160  14:16  Refinery  
  145  14:17  Refinery  
  145  14:22  SCV x3  
  148  14:26  Siege Tank x3  
  157  14:33  Hellion x4  
  157  14:34  Viking  
  167  14:43  Command Center  
  165  14:54  Hellion x2  
  165  14:58  Siege Tank  
  169  15:03  Siege Tank  
  169  15:04  Hellion x2, Viking x2  
  176  15:09  Siege Tank  
  171  15:17  Armory  
  171  15:18  Armory  
  167  15:23  SCV x3  
  167  15:26  Sensor Tower  
  170  15:30  Missile Turret x2  
  170  15:34  Missile Turret  
  163  15:36  Hellion x2, Siege Tank  
  152  15:50  Hellion x2  
  154  15:58  Liberator  
  154  16:02  Orbital Command  
  154  16:05  Siege Tank x2  
  154  16:06  Hellion  
  162  16:12  Missile Turret  
  163  16:26  Viking  
  163  16:36  Sensor Tower  
  161  16:41  Refinery  
  161  16:42  Refinery, Siege Tank x2  
  163  16:48  Missile Turret  
  161  16:56  Viking  
  161  17:14  Hellion x2  
  161  17:15  Hellion x2, Viking  
  167  17:23  Thor  
  167  17:27  Starport  
  167  17:28  Terran Vehicle Weapons Level 2  
  167  17:29  Starport  
  173  17:31  Terran Vehicle And Ship Armor Level 2  
  167  17:49  Siege Tank x2  
  167  17:50  Hellion  
  167  17:51  Hellion  
  173  18:03  Hellion x2  
  173  18:04  Orbital Command  
  177  18:05  Viking  
  177  18:06  Viking x3  
  183  18:35  Viking  
  183  18:36  Viking  
  183  18:38  Siege Tank x3  
  196  18:49  Viking x2  
  200  18:57  Missile Turret  
  200  19:00  Missile Turret  
  200  19:04  Orbital Command  
  189  19:27  Siege Tank x3  
  187  19:32  Viking x3  
  193  19:39  SCV  
  193  19:40  SCV x2  
  196  19:50  Terran Vehicle Weapons Level 3, Terran Vehicle And Ship Armor Level 3  
  196  19:57  Hellion x2  
  200  20:14  Refinery  
  200  20:15  Refinery  
  200  20:25  Missile Turret  
  200  20:26  Sensor Tower  
  193  20:47  Viking x2  
  193  20:49  Viking x2  
  182  20:50  Thor  
  182  20:51  Thor x2  
  182  20:55  SCV x2  
  200  21:22  Starport Tech Lab  
  200  21:27  Fusion Core  
  200  21:34  Missile Turret  
  200  21:35  Missile Turret  
  200  21:36  Liberator x2  
  194  21:51  Command Center  
  200  22:19  Advanced Ballistics  
  200  23:10  Starport  
  200  23:11  Starport  
  200  23:34  Refinery  
  200  23:35  Refinery  
  180  23:48  Viking x4, Thor x2  
  191  24:06  Viking x2  
  194  24:17  Viking  
  194  24:20  Siege Tank  
  191  24:45  Viking  
  191  24:46  Viking  
  191  24:48  SCV  
  191  24:49  SCV x2, Siege Tank  
  198  25:05  Planetary Fortress  
  198  25:20  Thor x2  
  198  25:38  Refinery  
  198  25:40  Refinery  
  195  25:55  Viking  
  195  25:56  Viking  
  149  26:18  Viking x3  
  149  26:22  Viking  
  149  26:23  Thor x2  
  149  26:24  Hellion x2, Thor  
  165  26:25  Viking  
  159  26:38  Viking  
  140  26:41  Hellion  
  140  26:45  Hellion  
  140  26:46  Hellion  
  137  26:48  Viking x2  
  137  26:52  Viking  
  137  26:53  Viking, Factory  
  145  26:56  Factory x2  
  145  27:03  Viking  
  145  27:06  Thor  
  153  27:08  Viking  
  153  27:09  Command Center  
  155  27:16  Missile Turret  
  155  27:17  Missile Turret  
  155  27:18  Viking x2, Missile Turret  
  155  27:22  Viking  
  159  27:23  Viking  
  163  27:33  Viking  
  165  27:40  Viking  
  165  27:42  Orbital Command  
  165  27:43  Factory Tech Lab x2  
  157  27:44  Factory Tech Lab  
  157  27:48  Viking x2  
  161  28:03  Viking x2  
  161  28:04  Viking  
  167  28:11  Sensor Tower  
  165  28:13  Siege Tank x2, Thor  
  165  28:14  Hellion, Thor  
  165  28:15  Hellion x5  
  195  28:26  Viking x2  
  199  28:30  Orbital Command  
  197  29:03  Siege Tank  
  195  29:19  Thor  
  193  29:33  Viking x2  
  193  29:37  Viking x2  
  167  29:38  Siege Tank x2  
  167  29:39  Hellion x4, Siege Tank  
  167  29:44  Viking  
  140  29:55  Viking  
  117  30:10  Viking x2  
  117  30:12  Viking  
  127  30:14  Hellion x4, Missile Turret  
  127  30:15  Hellion  
  127  30:16  Missile Turret  
  127  30:17  Viking, Missile Turret  
  127  30:20  Refinery x2  
  127  30:21  Hellion x5  
  141  30:34  Viking x2  
  137  30:52  Viking x3  
  135  30:58  Viking  
  135  31:08  Viking  
  137  31:16  Terran Ship Weapons Level 1  
  135  31:25  Viking  
  137  31:40  Viking  
  137  31:41  Viking  
  105  32:05  Viking  
  104  32:08  Viking  
  106  32:22  Hellion  
  108  32:28  Orbital Command  
  106  32:40  Siege Tank x2  
  112  32:49  SCV x2  
  114  33:09  Hellion  
  116  33:15  Orbital Command  
  103  33:36  Siege Tank  
  97  34:50  SCV x2  
  99  35:00  SCV  
Tags
 
Add a new tag
Caveats
  • Supply blocks, unpowered buildings, or Contaminate may cause inaccurate times.
  • Supply counts are checked every 10 seconds.